 Dungeon Sprint DCSS version 0.19-a0-1049-g462a813 (webtiles) character file.

9979 poirepourri the Warrior (level 11, -2/123 HPs)
             Began as a Hill Orc Fighter on July 31, 2016.
             Was a Priest of Ru.
             Slain by a hill giant
             ... wielding a cursed -2 giant club
              (27 damage)
             ... in the Dungeon (Sprint IX: "|||||||||||||||||||||||||||||").
             The game lasted 00:07:29 (3185 turns).

poirepourri the Warrior (Hill Orc Fighter)          Turns: 3185, Time: 00:07:29

Health: -2/123     AC: 15    Str: 26    XL:     11   Next: 55%
Magic:  11/11      EV: 13    Int:  8    God:    Ru [***...]
Gold:   1417       SH: 11    Dex: 10    Spells: 0 memorised, 10 levels left

rFire  . . .     SeeInvis .     t - +2 scimitar (holy)
rCold  . . .     Gourm    .     q - +1 scale mail
rNeg   . . .     Faith    .     c - +0 shield
rPois  .         Spirit   .     r - +0 helmet
rElec  .         Dismiss  .     s - +0 cloak
rCorr  .         Reflect  .     (no gloves)
SustAt .         Harm     .     h - +0 pair of boots
MR     .....     NoTele   +     (no amulet)
Stlth  +.........               p - +2 ring of protection
                                o - +3 ring of strength

@: exhausted, no scrolls, not resistant to hostile enchantments, very unstealthy
A: low mp 1, inability to read while threatened, hated by all, missing an eye
a: Draw Out Power, Renounce Religion


You were in the Dungeon.
You worshipped Ru.
Ru was most pleased with you.
You were full.

You visited 1 branch You collected 1417 gold pieces.

Inventory:

Hand Weapons
 a - a +0 long sword
 t - a +2 scimitar of holy wrath (weapon)
Armour
 b - a +0 scale mail
 c - a +0 shield (worn)
 h - a +0 pair of boots (worn)
 q - a +1 scale mail (worn)
 r - a +0 helmet (worn)
 s - a +0 cloak (worn)
Jewellery
 o - a +3 ring of strength (left hand)
 p - a +2 ring of protection (right hand)
Wands
 n - a wand of lightning (0/15)
Scrolls
 k - 4 scrolls of blinking
 l - 4 scrolls of remove curse
 m - 3 scrolls of amnesia
 u - 2 scrolls of identify
Potions
 i - 4 potions of magic
Comestibles
 d - 39 fruits
 f - 11 bread rations
 g - 12 meat rations


   Skills:
 + Level 19.4 Fighting
 + Level 16.5 Long Blades
 + Level 9.5 Armour
 + Level 8.9 Dodging
 - Level 3.8 Stealth
 + Level 7.8 Shields
 + Level 2.9 Evocations


You had 10 spell levels left.
You didn't know any spells.

Dungeon Overview and Level Annotations

Branches:
Dungeon (1/1)

Altars:
Cheibriados
Dithmenos
Elyvilon
Fedhas
Gozag
Hepliaklqana
Kikubaaqudgha
Makhleb
Nemelex Xobeh
Okawaru
Pakellas
Qazlal
Ru
Sif Muna
Trog
Uskayaw
Vehumet
Xom
Yredelemnul
Zin
The Shining One
Beogh
Jiyva
Lugonu

Shops:
D !*=}


Innate Abilities, Weirdness & Mutations

Your magical capacity is low. (-10% MP)
You cannot read scrolls while threatened.
You are hated by all.
You are missing an eye, making it more difficult to aim.


Message History

Your shield and scale mail prevent you from hitting the hill giant.
The hill giant is almost dead.
You closely miss the hill giant.
The hill giant is almost dead.
You block the hill giant's attack.
You hit the hill giant.
The hill giant is almost dead.
The hill giant hits you with a giant club!!
* * * LOW HITPOINT WARNING * * *
You hit the hill giant.
You kill the hill giant!
Your life force feels restored.
You're too exhausted to draw out your power.
You barely miss the hill giant. You block the hill giant's attack.
You hit the hill giant.
The hill giant is lightly wounded.
You slash the hill giant!
The hill giant is moderately wounded.
The hill giant hits you with a giant club!!
You die...

,*,*,*,*+*,*,*,▓)▓.▓.▓.▓_▓
,*,*+*,*,*,*,*,▓.▓.▓.▓.▓_▓
,*,*,*,*,*,*,*,▓.▓.▓.▓.▓_▓
,*,*,*,*,*,*,*,▓÷▓.▓.▓.▓_▓
,*,*,*,*,*,*,*,▓.▓.▓.▓.▓_▓
,*,*,*,*,*,*,*,▓÷▓.▓.▓.▓_▓
,*,*,*,*,*,*,*,▓)▓.▓÷▓.▓'▓
,*,*,*,*,*,*+*,▓÷▓.▓.▓.▓.▓
,*,*,*,*,*,*,*,▓@▓.▓.▓.▓.▓
,*,*,*,*,*,*,*,▓C▓.▓.▓.▓|▓
,*,*,*,*+*,*,*,▓T▓.▓.▓.▓)▓
,*,*,*,*,*,*,*,▓∩▓.▓.▓.▓.▓
,*,*,*,*,*,*,*,▓.▓.▓.▓.▓.▓
,*,*,*,*,*,*,*,▓∩▓.▓.▓.▓.▓
,*,*,*,*,*,*,*,▓$▓.▓.▓.▓.▓
,*,*,*,*,*,*,*,▓∩▓.▓)▓.▓.▓
,*,*,*,*,*,*,*,▓$▓.▓.▓.▓)▓


You could see a hill giant and a troll.

Vanquished Creatures
  2 ogre magi (D)
  An orc high priest (D)
  A deep troll (D)
  An unseen horror (D)
  An orc knight (D)
  A hill giant (D)
  3 komodo dragons (D)
  A spiny frog (D)
  6 trolls (D)
  A giant leech (D)
  2 blink frogs (D)
  A wraith (D)
  A yak (D)
  2 hippogriffs (D)
  A vampire mosquito (D)
  A mottled dragon (D)
  3 water moccasins (D)
  2 porcupines (D)
  An ice beast (D)
  9 orc warriors (D)
  An ogre (D)
  A centaur (D)
  A crocodile (D)
  6 giant frogs (D)
  A scorpion (D)
  5 orc wizards (D)
  5 orc priests (D)
  5 iguanas (D)
  An adder (D)
  2 river rats (D)
  A gnoll (D)
  An adder skeleton (D)
  A dart slug (D)
  5 orcs (D)
  A giant cockroach (D)
  A goblin (D)
  A hobgoblin (D)
  A giant cockroach zombie (D)
  A giant newt (D)
  A rat (D)
83 creatures vanquished.

Vanquished Creatures (others)
  A spatial maelstrom (D)
1 creature vanquished.

Grand Total: 84 creatures vanquished

Notes
Turn   | Place    | Note
-------+----------+-------------------------------------------
     0 | D        | poirepourri the Hill Orc Fighter began the quest for the Orb.
     0 | D        | Reached XP level 1. HP: 19/19 MP: 1/1
    11 | D        | Reached skill level 4 in Fighting
    20 | D        | Banished a spatial maelstrom
    22 | D        | Reached skill level 5 in Fighting
    26 | D        | Reached XP level 2. HP: 16/29 MP: 2/2
   172 | D        | Noticed an ogre
   172 | D        | Noticed a centaur
   172 | D        | Noticed a scorpion
   178 | D        | Killed an ogre
   178 | D        | Reached skill level 9 in Fighting
   178 | D        | Reached skill level 5 in Long Blades
   178 | D        | Reached XP level 3. HP: 23/44 MP: 3/3
   178 | D        | Reached XP level 4. HP: 26/50 MP: 4/4
   181 | D        | Killed a centaur
   181 | D        | Reached skill level 11 in Fighting
   181 | D        | Reached XP level 5. HP: 31/60 MP: 5/5
   184 | D        | Reached skill level 12 in Fighting
   184 | D        | Reached skill level 1 in Dodging
   188 | D        | Reached XP level 6. HP: 34/70 MP: 6/6
   302 | D        | Found a glowing silver altar of Zin.
   302 | D        | Found a glowing golden altar of the Shining One.
   302 | D        | Found an ancient bone altar of Kikubaaqudgha.
   302 | D        | Found a basalt altar of Yredelemnul.
   302 | D        | Found a shimmering altar of Xom.
   302 | D        | Found a radiant altar of Vehumet.
   303 | D        | Found an iron altar of Okawaru.
   304 | D        | Found a burning altar of Makhleb.
   305 | D        | Found a deep blue altar of Sif Muna.
   306 | D        | Found a bloodstained altar of Trog.
   307 | D        | Found a sparkling altar of Nemelex Xobeh.
   308 | D        | Found a white marble altar of Elyvilon.
   309 | D        | Found a roughly hewn altar of Beogh.
   310 | D        | Found a viscous altar of Jiyva.
   311 | D        | Found a corrupted altar of Lugonu.
   312 | D        | Found a blossoming altar of Fedhas.
   313 | D        | Found a snail-covered altar of Cheibriados.
   314 | D        | Found a shadowy altar of Dithmenos.
   315 | D        | Found a stormy altar of Qazlal.
   316 | D        | Found an opulent altar of Gozag.
   317 | D        | Found a sacrificial altar of Ru.
   318 | D        | Found an oddly glowing altar of Pakellas.
   319 | D        | Found a hide-covered altar of Uskayaw.
   320 | D        | Found a hazy altar of Hepliaklqana.
   333 | D        | Became a worshipper of Ru the Awakened
   390 | D        | Noticed a hippogriff
   390 | D        | Noticed a hippogriff
   390 | D        | Noticed an ice beast
   390 | D        | Noticed a wraith
   404 | D        | Killed a hippogriff
   404 | D        | Reached skill level 13 in Fighting
   413 | D        | Killed a hippogriff
   413 | D        | Reached skill level 14 in Fighting
   413 | D        | Reached XP level 7. HP: 52/81 MP: 7/7
   435 | D        | Killed an unseen horror
   435 | D        | Reached skill level 15 in Fighting
   435 | D        | Reached skill level 10 in Long Blades
   435 | D        | Reached XP level 8. HP: 64/93 MP: 8/8
   439 | D        | Killed a wraith
   439 | D        | Reached skill level 16 in Fighting
   439 | D        | Reached skill level 5 in Dodging
   673 | D        | Gained mutation: You are hated by all. [Ru sacrifice]
   673 | D        | Reached * piety under Ru
   860 | D        | Noticed a komodo dragon
   860 | D        | Noticed a komodo dragon
   873 | D        | Killed a komodo dragon
   873 | D        | Reached XP level 9. HP: 100/101 MP: 9/9
   879 | D        | Killed a komodo dragon
   879 | D        | Reached skill level 17 in Fighting
   914 | D        | Gained mutation: You are missing an eye, making it more difficult to aim. [Ru sacrifice]
   914 | D        | Reached ** piety under Ru
  1192 | D        | Noticed a komodo dragon
  1205 | D        | Killed a komodo dragon
  1548 | D        | Noticed a giant leech
  1552 | D        | Reached XP level 10. HP: 112/112 MP: 10/10
  1558 | D        | Reached skill level 5 in Armour
  1563 | D        | Noticed a spiny frog
  1587 | D        | Killed a spiny frog
  1587 | D        | Reached skill level 18 in Fighting
  1587 | D        | Reached skill level 1 in Stealth
  1589 | D        | Reached skill level 5 in Shields
  1924 | D        | Gained mutation: You cannot read scrolls while threatened. [Ru sacrifice]
  1924 | D        | Reached *** piety under Ru
  2108 | D        | Noticed an orc knight
  2127 | D        | Killed an orc knight
  2519 | D        | Reached skill level 15 in Long Blades
  2526 | D        | Reached skill level 1 in Evocations
  2527 | D        | Noticed an orc high priest
  2548 | D        | Killed an orc high priest
  2559 | D        | Gained mutation: Your magical capacity is low. (-10% MP) [Ru sacrifice]
  2594 | D        | Reached XP level 11. HP: 52/121 MP: 11/11
  2836 | D        | Found Motrusat's Distillery.
  2836 | D        | Noticed an ogre mage
  2839 | D        | Noticed an ogre mage
  2852 | D        | Noticed a deep troll
  2859 | D        | Killed an ogre mage
  2864 | D        | Found Odocwaud's Assorted Antiques.
  2866 | D        | Reached skill level 19 in Fighting
  2875 | D        | Killed an ogre mage
  2886 | D        | Killed a deep troll
  3140 | D        | Found Rafiras's Jewellery Emporium.
  3144 | D        | Found Ogasaa's Gadget Shoppe.
  3147 | D        | Noticed a hill giant
  3148 | D        | Noticed a hill giant
  3182 | D        | Killed a hill giant
  3185 | D        | Slain by a hill giant

Vault maps used:
D:        linesprint

Skill      XL: |  1  2  3  4  5  6  7  8  9 10 11 |
---------------+----------------------------------+-----
Fighting       | 5 9 11 12 14 15 16 17 18 19 | 19.4
Long Blades    | 3 5 6 7 9 10 12 14 15 16 | 16.5
Dodging        | 1 2 4 5 7 8 |  8.9
Armour         | 4 8 9 |  9.5
Shields        | 4 6 7 |  7.8
Stealth        | 3 |  3.8
Evocations     | 2 |  2.9

Action                   |  1- 3 |  4- 6 |  7- 9 | 10-12 || total
-------------------------+-------+-------+-------+-------++-------
Melee: Long sword        |    29 |    11 |       |       ||    40
       Scimitar          |       |    24 |   135 |   263 ||   422
Invok: Sacrifice Love    |       |       |     1 |       ||     1
       Sacrifice an Eye  |       |       |     1 |       ||     1
       Draw Out Power    |       |       |       |     4 ||     4
       Sacrifice Words   |       |       |       |     1 ||     1
       Sacrifice Essence |       |       |       |     1 ||     1
Evoke: Wand              |       |       |       |     7 ||     7
  Use: Potion            |     2 |       |    13 |     3 ||    18
       Scroll            |       |       |       |     1 ||     1
 Stab: Invisible         |       |       |       |     6 ||     6
       Distracted        |       |       |       |     1 ||     1
  Eat: Bread ration      |       |       |     2 |     1 ||     3
       Fruit             |       |       |       |     1 ||     1
Armor: Scale mail        |     6 |    25 |    21 |    36 ||    88
Dodge: Dodged            |     3 |    17 |    30 |    76 ||   126
Block: Shield            |    10 |    19 |    35 |    74 ||   138
